AoeStats
← Nopec

Black Forest

506078133Analyzed
4v4 RM · 21d ago on Sep 12, 2026· 42m 57s· 8 players
Game mode
Random Map
Map size
Large (8 player)
Population
200
Speed
Normal
Resources
Standard
Victory
Conquest
Starting age
Dark Age
Ending age
Imperial Age
RankedLock teamsTeams togetherTeam positionsShared explorationLock speedFull tech treeHidden civsTurbo modeCheats
Victory
Defeat
🇦🇺 Goths · Australia
925
+11
🇦🇺 Chinese · Australia
909
+11
🇩🇪 Slavs · Germany
795
+16
🇹🇷 Teutons · Türkiye
752
+18
🇮🇩 Spanish · Indonesia
844
-16
🇹🇷 Bulgarians · Türkiye
830
-15
🇻🇳 Turks · Vietnam
823
-15
🇮🇩 Romans · Indonesia
708
-10
david
14:06 Feudal Age
21:30 Loom
22:56 Stone Mining
25:22 Castle Age
23:32 Double-Bit Axe
24:55 Horse Collar
27:03 Bow Saw
26:59 Heavy Plow
30:09 Padded Archer Armor
32:57 Leather Archer Armor
33:58 Squires
42:52 Imperial Age
40:24 Gold Mining
Emanon
0:32 Loom
10:26 Feudal Age
20:52 Castle Age
23:33 Horse Collar
23:57 Double-Bit Axe
25:32 Bow Saw
29:23 Heavy Plow
29:24 Stone Mining
29:40 Gold Mining
35:34 Imperial Age
34:33 Wheelbarrow
35:08 Husbandry
35:16 Scale Barding Armor
35:38 Cavalier
37:42 Hand Cart
37:13 Town Watch
zivrisinek
0:34 Loom
18:25 Feudal Age
20:15 Wheelbarrow
19:25 Town Watch
19:23 Horse Collar
25:09 Castle Age
25:20 Bloodlines
26:55 Gambesons
27:29 Hand Cart
27:12 Fletching
27:23 Padded Archer Armor
27:30 Husbandry
27:45 Bodkin Arrow
28:09 Squires
28:32 Scale Mail Armor
28:10 Pikeman
30:43 Forging
30:48 Chain Mail Armor
33:11 Double-Bit Axe
33:33 Town Patrol
34:18 Arson
35:48 Iron Casting
36:15 Leather Archer Armor
36:33 Bow Saw
38:35 Scale Barding Armor
acilr
Warriors
0:31 Loom
12:42 Feudal Age
17:40 Castle Age
18:30 Wheelbarrow
17:46 Double-Bit Axe
18:15 Horse Collar
28:23 Gold Mining
28:28 Stone Mining
29:09 Scale Mail Armor
29:20 Forging
29:17 Squires
31:02 Bow Saw
33:37 Imperial Age
31:50 Chain Mail Armor
33:02 Anarchy
32:25 Man-at-Arms
32:29 Pikeman
34:00 Iron Casting
34:43 Perfusion
34:52 Long Swordsman
35:58 Conscription
35:18 Two-Handed Swordsman
37:14 Blast Furnace
36:13 Champion
PiriFeyiz
0:55 Loom
18:36 Feudal Age
20:41 Double-Bit Axe
20:48 Gold Mining
20:49 Stone Mining
20:42 Horse Collar
21:12 Arson
21:36 Fletching
21:58 Forging
21:54 Scale Barding Armor
21:50 Scale Mail Armor
24:15 Castle Age
23:35 Town Watch
24:28 Wheelbarrow
26:15 Bow Saw
26:49 Bodkin Arrow
27:29 Iron Casting
27:15 Chain Barding Armor
27:10 Chain Mail Armor
28:46 Stone Shaft Mining
28:49 Heavy Plow
30:49 Chain Mail Armor
31:25 Hand Cart
33:09 Ironclad
33:11 Bloodlines
35:40 Imperial Age
33:11 Town Patrol
37:31 Two-Man Saw
36:01 Cavalier
38:16 Chemistry
37:27 Fortified Wall
37:09 Elite Teutonic Knight
37:28 Paladin
38:58 Ballistics
40:05 Crop Rotation
44:02 Plate Barding Armor
44:28 Blast Furnace
Nopec
1:01 Loom
12:44 Feudal Age
13:26 Horse Collar
13:35 Double-Bit Axe
14:40 Wheelbarrow
22:41 Castle Age
20:32 Stone Mining
25:47 Bow Saw
25:40 Heavy Plow
26:52 Scale Barding Armor
26:59 Forging
28:47 Chain Barding Armor
29:03 Hand Cart
28:34 Town Watch
29:35 Bloodlines
29:26 Husbandry
31:20 Detinets
32:40 Man-at-Arms
33:20 Squires
37:01 Iron Casting
36:20 Fletching
36:54 Ballistics
36:30 Murder Holes
36:47 Fortified Wall
40:39 Imperial Age
40:51 Elite Boyar
Ladiesman217
0:33 Loom
16:36 Feudal Age
21:26 Castle Age
19:28 Horse Collar
20:06 Gold Mining
21:46 Double-Bit Axe
22:39 Crossbowman
25:31 Thumb Ring
26:46 Padded Archer Armor
30:36 Leather Archer Armor
32:12 Fletching
33:11 Bodkin Arrow
35:40 Heavy Plow
Connection lost

Rejoining the realm…

Still unreachable

The connection could not be restored.

Session expired

The server has moved on; the page needs a fresh start.